 Dungeon Crawl Stone Soup version 0.22-a0-185-ge330310 (webtiles) character file.

1135 varam the Conjurer (level 8, -1/62 HPs)
             Began as a Naga Fire Elementalist on Feb 15, 2018.
             Was a Follower of Cheibriados.
             Slain by a steam dragon (8 damage)
             ... on level 6 of the Dungeon.
             The game lasted 00:24:40 (5593 turns).

varam the Conjurer (Naga Fire Elementalist)         Turns: 5593, Time: 00:24:41

Health: -1/62      AC:  8    Str: 17    XL:     8   Next: 36%
Magic:  11/11      EV: 12    Int: 19    God:    Cheibriados [*.....]
Gold:   341        SH:  0    Dex: 14    Spells: 0/12 levels left

rFire    . . .     SeeInvis +   y - +2 spear (freeze)
rCold    . . .     Gourm    .   (no shield)
rNeg     . . .     Faith    .   a - +0 robe
rPois    +         Spirit   .   (no helmet)
rElec    .         Reflect  .   (no cloak)
rCorr    .         Harm     .   H - +0 pair of gloves
MR       +....                  r - +0 naga barding
Stlth    ++........             (no amulet)
HPRegen  0.20/turn              D - +4 ring of evasion
MPRegen  0.12/turn              u - +4 ring of strength

@: about to teleport, very slow
A: large, see invisible, deformed body, poison resistance, slowness 2, slow
metabolism 1, spit poison 1, AC +2
a: Spit Poison, Bend Time, Renounce Religion


You were on level 6 of the Dungeon.
You worshipped Cheibriados.
Cheibriados was aware of your devotion.
You were not hungry.

You visited 1 branch of the dungeon, and saw 6 of its levels.
You also visited: Sewer.

You collected 341 gold pieces.

Inventory:

Hand Weapons
 g - a +0 hunting sling
 q - a +1 antimagic falchion
 y - a +2 spear of freezing (weapon)
Missiles
 e - 167 stones (quivered)
 f - 14 sling bullets
 G - 3 tomahawks
Armour
 a - a +0 robe (worn)
 r - a +0 naga barding (worn)
 H - a +0 pair of gloves (worn)
Jewellery
 u - a +4 ring of strength (right hand)
 v - an uncursed ring of ice
 D - a +4 ring of evasion (left hand)
Scrolls
 d - 3 scrolls of teleportation
 h - 2 scrolls of amnesia {unknown}
 k - 3 scrolls of fear {unknown}
 m - a scroll of blinking {unknown}
 o - 3 scrolls of identify {unknown}
 s - a scroll of enchant weapon {unknown}
 w - 5 scrolls of remove curse {unknown}
 B - a scroll of noise {unknown}
 F - a scroll of immolation {unknown}
Potions
 i - a potion of agility {unknown}
 j - 2 potions of curing {unknown}
 l - a potion of invisibility {unknown}
 n - 2 potions of cancellation {unknown}
 p - a potion of mutation {unknown}
 t - 2 potions of brilliance {unknown}
 x - a potion of flight {unknown}
 z - a potion of magic
 A - 2 potions of heal wounds {unknown}
 C - a potion of might {unknown}
 E - a potion of lignification {unknown}
Books
 b - a book of Flames

   Spells                             Type                      Level
   a - Flame Tongue                   Conjuration/Fire             1
   b - Throw Flame                    Conjuration/Fire             2
   c - Conjure Flame                  Conjuration/Fire             3
   d - Inner Flame                    Hexes/Fire                   3
   e - Sticky Flame                   Conjuration/Fire             4
   f - Fireball                       Conjuration/Fire             5
Comestibles
 c - 5 rations


   Skills:
 + Level 2.4 Polearms
 - Level 1.3 Slings
 - Level 1.5 Dodging
 - Level 3.0 Stealth
 + Level 2.6 Spellcasting
 * Level 6.9 Conjurations
 + Level 6.2 Fire Magic


You couldn't memorise any spells.
You knew the following spells:

 Your Spells              Type           Power        Failure   Level  Hunger
a - Flame Tongue          Conj/Fire      ####.        1%          1    None
b - Throw Flame           Conj/Fire      ####..       1%          2    ##.....
c - Sticky Flame          Conj/Fire      ####....     11%         4    ####...
d - Fireball              Conj/Fire      ####......   28%         5    ######.


Dungeon Overview and Level Annotations

Branches:
Dungeon (6/15)
 Temple: D:4-7

Altars:
Cheibriados
Gozag
Hepliaklqana
Nemelex Xobeh
Sif Muna
Trog
Uskayaw
Zin

Annotations:
D:3 2 transporters


Innate Abilities, Weirdness & Mutations

You cannot wear boots.
Your serpentine skin is tough. (AC +2)
You have supernaturally acute eyesight. (SInv)
Armour fits poorly on your strangely shaped body.
Your system is resistant to poisons. (rPois)
You cover ground very slowly.
You have a slow metabolism.
You can spit poison.


Message History

You are engulfed in a cloud of scalding steam.
You have got your breath back.
The steam dragon barely misses you.
The steam dragon claws you but does no damage.
The steam dragon barely misses you. The steam dragon misses you.
You closely miss the steam dragon.
The steam dragon is heavily wounded.
The steam dragon breathes steam at you. The ball of steam hits you!
* * * LOW HITPOINT WARNING * * *
Okay, then.
As you read the scroll labeled ARINAO EV YWO, it crumbles to dust.
You feel strangely unstable.
It was a scroll of teleportation.
You are engulfed in a cloud of scalding steam.
The steam dragon completely misses you. The steam dragon misses you.
It was a potion of magic.
Magic courses through your body.
You are engulfed in a cloud of scalding steam.
* * * LOW HITPOINT WARNING * * *
The steam dragon bites you!
You die...

## # #.
.####§##################.
.......D@..§§............
.......§..........######.
#.###.############# #.##.
... #...< #.. #..........
#.. #.#####.... ## #....
...... .......


You could see a steam dragon.

Vanquished Creatures
  Menkaure (D:6)
  An eye of draining (D:5)
  A phantom (D:4)
  2 ogres
  2 howler monkeys
  2 crimson imps (D:5)
  2 bullfrog zombies
  An orc priest (D:5)
  An orc wizard (D:5)
  2 bullfrog skeletons
  2 iguanas
  A worker ant (D:5)
  A howler monkey zombie (D:5)
  8 adders
  A gnoll (D:5)
  4 river rats (D:4)
  A shadow imp (D:5)
  An ooze (D:5)
  An adder skeleton (D:4)
  4 worms
  2 dart slugs (D:1)
  6 leopard geckos
  4 orcs
  5 giant cockroaches
  5 goblins
  7 hobgoblins
  13 jackals
  11 kobolds
  2 quokkas
  6 ball pythons
  4 bats
  5 frilled lizards
  2 leopard gecko skeletons (D:4)
  A quokka skeleton (D:4)
  11 rats
  2 plants (Sewer)
125 creatures vanquished.

Vanquished Creatures (others)
  A plant (Sewer)
1 creature vanquished.

Grand Total: 126 creatures vanquished

Notes
Turn   | Place    | Note
-------+----------+-------------------------------------------
     0 | D:1      | varam the Naga Fire Elementalist began the quest for the Orb.
     0 | D:1      | Reached XP level 1. HP: 15/15 MP: 3/3
   458 | D:1      | Reached XP level 2. HP: 22/22 MP: 3/5
   816 | D:1      | Reached skill level 4 in Fire Magic
   968 | D:1      | Reached XP level 3. HP: 28/28 MP: 6/6
  1286 | D:2      | Learned a level 2 spell: Throw Flame
  1525 | D:2      | Reached XP level 4. HP: 36/36 MP: 2/7
  1750 | D:3      | Reached skill level 2 in Conjurations
  1768 | D:3      | Found a transporter.
  1777 | D:3      | Noticed an orc warrior
  1780 | D:3      | Found a glowing silver altar of Zin.
  1781 | D:3      | Found a sparkling altar of Nemelex Xobeh.
  1781 | D:3      | Found a hazy altar of Hepliaklqana.
  1783 | D:3      | Noticed a crocodile
  1792 | D:3      | Found a transporter.
  2570 | D:3      | Found a deep blue altar of Sif Muna.
  2668 | D:4      | Reached skill level 1 in Slings
  2668 | D:4      | Reached XP level 5. HP: 23/42 MP: 0/8
  2677 | D:4      | Reached skill level 3 in Conjurations
  2913 | D:4      | Found a glowing drain.
  2925 | Sewer    | Entered a sewer
  3055 | Sewer    | Learned a level 4 spell: Sticky Flame
  3986 | D:4      | Reached skill level 4 in Conjurations
  3986 | D:4      | Reached XP level 6. HP: 49/49 MP: 5/9
  4159 | D:4      | Noticed a phantom
  4179 | D:4      | Killed a phantom
  4179 | D:4      | Reached skill level 5 in Fire Magic
  4387 | D:4      | Found a hide-covered altar of Uskayaw.
  4420 | D:4      | Reached skill level 5 in Conjurations
  4420 | D:4      | Reached XP level 7. HP: 55/55 MP: 10/10
  4645 | D:5      | Entered Level 5 of the Dungeon
  4713 | D:5      | Found a snail-covered altar of Cheibriados.
  4717 | D:5      | Found an opulent altar of Gozag.
  4725 | D:5      | Became a worshipper of Cheibriados the Contemplative
  4854 | D:5      | Reached skill level 1 in Polearms
  4854 | D:5      | Reached skill level 6 in Conjurations
  4891 | D:5      | Found a bloodstained altar of Trog.
  5249 | D:5      | Reached XP level 8. HP: 60/62 MP: 11/11
  5377 | D:5      | Reached skill level 2 in Polearms
  5377 | D:5      | Reached skill level 6 in Fire Magic
  5524 | D:6      | Noticed Menkaure
  5533 | D:6      | Killed Menkaure
  5555 | D:6      | Reached * piety under Cheibriados
  5568 | D:6      | Learned a level 5 spell: Fireball
  5593 | D:6      | Slain by a steam dragon

Vault maps used:
D:1:      dpeg_arrival_ratfight
D:2:      first_ration
D:3:      gammafunk_temple_overflow_arena, led_sif_pool, corexii_corridor_pit
D:4:      lemuel_round_altar, lightli_sewer_entry_pipes
D:5:      trog_eyes_of_draining, grunt_temple_overflow_open, st_stairs_8,
          item_on_display_a
D:6:      tgw_fedhas, lemuel_temple_firewalk_b, minmay_misc_feat_diagonals,
          corexii_leaking_fountain, minmay_joined_circles, uniq_menkaure
Sewer:    sewer_co_scattered_pipes

Skill      XL: |  1  2  3  4  5  6  7  8 |
---------------+-------------------------+-----
Fire Magic     | 4 5 6 |  6.2
Conjurations   | 2 4 5 6 |  6.9
Slings         | 1 |  1.3
Polearms       | 1 2 |  2.4
Dodging        | |  1.5
Stealth        | |  3.0
Spellcasting   | |  2.6

Action                   |  1- 3 |  4- 6 |  7- 9 || total
-------------------------+-------+-------+-------++-------
Melee: Unarmed           |    13 |       |       ||    13
       Falchion          |       |   119 |    10 ||   129
       Spear             |       |       |    87 ||    87
 Fire: Hunting sling     |    64 |    54 |    15 ||   133
Throw: Stone             |       |       |     4 ||     4
 Cast: Flame Tongue      |    18 |    34 |    21 ||    73
       Throw Flame       |     2 |    22 |    20 ||    44
       Sticky Flame      |       |     1 |     7 ||     8
 Abil: Spit Poison       |       |       |     1 ||     1
  Use: Scroll            |       |       |     1 ||     1
       Potion            |       |       |     1 ||     1
 Stab: Sleeping          |       |     4 |       ||     4
  Eat: Chunk             |     2 |    10 |     6 ||    18
       Ration            |       |       |     1 ||     1
Armor: Robe              |     9 |    57 |    44 ||   110
Dodge: Dodged            |    22 |    47 |    78 ||   147
       Rpst.: Falchion   |       |    14 |     3 ||    17

Table legend:
 A = Spawn XP
 B = Non-spawn XP
 C = Spawn XP percentage of total XP
 D = Spawn monster count
 E = Non-spawn monster count
 F = Spawn count percentage of total count
 G = Total turns spent on level
                    A         B        C        D         E        F      G
               +---------+---------+-------+---------+---------+-------+---------
         Total |       0 |    1622 |   0.0 |       0 |     123 |   0.0 |  5593
               +---------+---------+-------+---------+---------+-------+---------
           D:1 |       0 |      42 |   0.0 |       0 |      23 |   0.0 |  1209
           D:2 |       0 |      44 |   0.0 |       0 |      16 |   0.0 |   498
           D:3 |       0 |      39 |   0.0 |       0 |      16 |   0.0 |   935
           D:4 |       0 |     484 |   0.0 |       0 |      25 |   0.0 |  1051
           D:5 |       0 |     686 |   0.0 |       0 |      20 |   0.0 |   825
           D:6 |       0 |     261 |   0.0 |       0 |       3 |   0.0 |    71
         Sewer |       0 |      66 |   0.0 |       0 |      20 |   0.0 |  1004
               +---------+---------+-------+---------+---------+-------+---------
